 Dungeon Crawl Stone Soup version 0.30-a0-154-gb106f4c828 (webtiles) character file.

Game seed: 6009804815633292411

11 Ghostare the Shooter (level 2, 0/22 HPs)
             Began as a Demonspawn Hunter on Sept 27, 2022.
             Constricted to death by a ball python (1 damage)
             ... on level 1 of the Dungeon.
             The game lasted 00:04:13 (398 turns).

Ghostare the Shooter (Demonspawn Hunter)             Turns: 398, Time: 00:04:14

Health: 0/22       AC:  3    Str: 11    XL:     2   Next: 17%
Magic:  2/2        EV: 12    Int: 10    God:
Gold:   55         SH:  0    Dex: 16    Spells: 1/1 levels left

rFire   . . .      SeeInvis .    g - +2 flail (protect)
rCold   . . .      Faith    .    (no shield)
rNeg    . . .      Spirit   .    c - +0 leather armour
rPois   .          Reflect  .    (no helmet)
rElec   .          Harm     .    (no cloak)
rCorr   .          Rampage  .    (no gloves)
Will    .....                    (no boots)
Stlth   ++........               (no amulet)
HPRegen 0.07/turn                h - +4 ring of evasion
MPRegen 0.08/turn                (no ring)

@: constricted
A: ignite blood 1
a: no special abilities


You were on level 1 of the Dungeon.
You visited 1 branch of the dungeon, and saw 1 of its levels.

You collected 55 gold pieces.

Inventory:

Hand Weapons
 a - a +0 shortbow
 e - a +0 club
 g - a +2 flail of protection (weapon)
Armour
 c - a +0 leather armour (worn)
Magical Staves
 f - a staff of air
Jewellery
 h - a +4 ring of evasion (left hand)
Scrolls
 b - a scroll of immolation
 d - a scroll of identify {unknown}


   Skills:
 + Level 2.1 Fighting
 + Level 4.0 Ranged Weapons
 + Level 1.7 Dodging
 + Level 1.0 Stealth


You had one spell level left.
You didn't know any spells.
Your spell library contained the following spells:

 Spells                   Type           Power      Damage    Failure   Level
 Airstrike                Air            0%         2d(0-16)  99%         4
 Summon Lightning Spire   Summ/Air       0%         N/A       99%         4
 Lightning Bolt           Conj/Air       0%         1d11      100%        5


Dungeon Overview and Level Annotations

Branches:
Dungeon (1/15)

Altars:


Innate Abilities, Weirdness & Mutations

Your demonic aura sometimes causes spilled blood to erupt in flames.


Message History

Unknown command.
Your +2 flail of protection hums with potential!
g - a +2 flail of protection (weapon)
The jackal misses you.
You closely miss the jackal. The ball python bites you.
The ball python constricts you.
The jackal bites you but does no damage.
The ball python barely misses you. The ball python constricts you.
The jackal bites you.
* * * LOW HITPOINT WARNING * * *
You barely miss the jackal. The ball python barely misses you.
The ball python constricts you. The jackal misses you.
The ball python barely misses you. The ball python constricts you.
* * * LOW HITPOINT WARNING * * *
You hit the jackal.
Your weapon exudes an aura of protection.
The jackal is almost dead.
The jackal bites you.
* * * LOW HITPOINT WARNING * * *
The ball python completely misses you. The ball python constricts you.
The jackal bites you but does no damage.
The ball python barely misses you. The ball python constricts you.
* * * LOW HITPOINT WARNING * * *
You closely miss the jackal.
The jackal is almost dead.
The jackal closely misses you. The jackal completely misses you.
The ball python bites you but does no damage.
The ball python constricts you.
* * * LOW HITPOINT WARNING * * *
You barely miss the jackal.
The jackal is almost dead.
The jackal misses you. The ball python closely misses you.
The ball python constricts you. The jackal closely misses you.
The ball python closely misses you. The ball python constricts you.
* * * LOW HITPOINT WARNING * * *
You barely miss the jackal.
The jackal is almost dead.
The jackal closely misses you. The ball python barely misses you.
The ball python constricts you.
You die...

#...###....###...##
#.>..###..###......
#.....######...#.#.
#......# #....#.#.
##+....# #....#.#.
#....## ##...#.#.
#####'..## ##....#.
#......## ##.###.
#....@†# #.# #.
#....hS...... ..#
#. #.......###.# ##
............
###.......###
###...#.# # #...#.#
# #...#.# # #


You could see a jackal and a ball python.

Vanquished Creatures
  A bat (D:1)
  An endoplasm (D:1)
  A goblin (D:1)
  A hobgoblin (D:1)
  A jackal (D:1)
  2 quokkas (D:1)
  2 ball pythons (D:1)
9 creatures vanquished.

Notes
Turn   | Place    | Note
-------+----------+-------------------------------------------
     0 | D:1      | Ghostare the Demonspawn Hunter began the quest for the Orb.
     0 | D:1      | Reached XP level 1. HP: 16/16 MP: 1/1
   302 | D:1      | Reached skill level 4 in Ranged Weapons
   302 | D:1      | Reached skill level 1 in Stealth
   302 | D:1      | Gained mutation: Your demonic aura sometimes causes spilled
                  | blood to erupt in flames. [demonic ancestry]
   302 | D:1      | Reached XP level 2. HP: 21/22 MP: 2/2
   397 | D:1      | HP: 1/22 [constriction (1)]
   398 | D:1      | Constricted to death by a ball python

Illustrated notes

Levels and vault maps discovered:
D:1:      heliophobic_arrival_enchanted_forest, layout_basic,
          shapermc_ecumenical_altar_mp_ritualfount, minivault_19

Skill      XL: |  1 |
---------------+----+-----
Ranged Weapons | 4 |  4.0
Stealth        | 1 |  1.0
Fighting       | |  2.1
Dodging        | |  1.7

Action                   || total
-------------------------++-------
Melee: Flail             ||     9
 Fire: Shortbow          ||    30
Armor: Leather armour    ||    10
Dodge: Dodged            ||    41

Table legend: (Time is in decaauts)
 A = Elapsed time spent in this place.
 B = Non-inter-level travel time spent in this place.
 C = Inter-level travel time spent in this place.
 D = Time resting spent in this place.
 E = Time spent auto-exploring this place.
 F = Levels seen in this place.
 G = Mean time per level.
                   A        B        C        D        E       F      G
               +--------+--------+--------+--------+--------+-----+--------+
         Total |    408 |    408 |      0 |     45 |    117 |   1 |  408.0 |
       Dungeon |    408 |    408 |      0 |     45 |    117 |   1 |  408.0 |
               +--------+--------+--------+--------+--------+-----+--------+

Top non-repeatable levels by time:
     D:1: 408 daAuts
